 Dungeon Crawl Stone Soup version 0.16-a0-1243-g6e0463c (webtiles) character file.

3584 Kashira the Chopper (level 10, -5/76 HPs)
             Began as a Vine Stalker Berserker on Oct 13, 2014.
             Was a High Priest of Trog.
             Slain by an orc warrior
             ... wielding a +0 hand axe
              (11 damage)
             ... on level 9 of the Dungeon.
             The game lasted 00:20:53 (6224 turns).

Kashira the Chopper (Vine Stalker Berserker)        Turns: 6224, Time: 00:20:53

Health: -5/76      AC: 10    Str: 26    XL:     10   Next: 10%
Magic:  0/18       EV: 12    Int:  9    God:    Trog [*****.]
Gold:   259        SH:  0    Dex: 14    Spells: 0 memorised, 9 levels left

rFire  . . .     SeeInvis +     l - +3 battleaxe
rCold  . . .     Clarity  .     F - +1 ring mail {rN+}
rNeg   + . .     SustAb   .     (no shield)
rPois  +         Gourm    .     (no helmet)
rElec  .         Spirit   +     q - +1 cloak {rPois}
rCorr  .         Warding  .     (no gloves)
rMut   +         Stasis   .     w - +0 pair of boots
MR     +....                    f - cursed amulet of resist mutation
Stlth  ..........               (no ring)
                                p - ring of see invisible

@: berserking, very quick, somewhat resistant to hostile enchantments, extremely
unstealthy
A: fangs 3, regeneration 2, magic shield, antimagic bite, no device heal 3, rot
immunity
a: Burn Spellbooks, Berserk, Trog's Hand, Brothers in Arms, Renounce Religion


You were on level 9 of the Dungeon.
You worshipped Trog.
Trog was extremely pleased with you.
You were very hungry.

You visited 2 branches of the dungeon, and saw 11 of its levels.

You collected 408 gold pieces.
You spent 149 gold pieces at shops.

Inventory:

Hand weapons
 a - a +0 hand axe
 h - a +6 antimagic quarterstaff
 l - a +3 battleaxe (weapon)
 E - a +2 bardiche of chopping
Missiles
 r - 3 javelins (quivered)
Armour
 q - a +1 cloak of poison resistance (worn)
 w - a +0 pair of boots (worn)
 F - a +1 ring mail of positive energy (worn)
Jewellery
 d - a cursed amulet of rage
 f - a cursed amulet of resist mutation (around neck)
 m - an uncursed amulet of resist corrosion {unknown}
 p - a ring of see invisible (left hand)
Magical devices
 s - a wand of frost (26)
 x - a wand of draining (7)
 I - a wand of enslavement (15)
Scrolls
 i - 3 scrolls of remove curse
 u - a scroll of blinking {unknown}
 v - 2 scrolls of magic mapping
 y - 3 scrolls of teleportation
 z - a scroll of fear
Potions
 e - a potion of mutation
 j - 5 potions of curing
 k - a potion of confusion {unknown}
 n - a potion of might
 A - a potion of haste
Comestibles
 c - 2 bread rations
 g - a slice of pizza
 o - 2 meat rations
 t - 5 fruits


   Skills:
 + Level 5.2 Fighting
 * Level 7.9 Axes
 + Level 5.4 Armour
 + Level 4.6 Dodging
 + Level 6.4 Stealth
 * Level 3.9 Evocations


You had 9 spell levels left.
You didn't know any spells.

Dungeon Overview and Level Annotations

Branches:
Dungeon (9/15)             Temple (0/1) D:4            Lair (2/8) D:8
    Orc: D:9-12

Altars:
Dithmenos
Fedhas
Gozag
Makhleb
Okawaru
Qazlal
Trog
Xom
Yredelemnul

Shops:
D:8 (


Innate Abilities, Weirdness & Mutations

You have razor-sharp teeth.
You heal very quickly.
When hurt, damage is shared between your health and your magic reserves.
Your bite disrupts and absorbs the magic of your enemies.
Potions and wands cannot restore your health.
You are immune to rotting.


Message History

Use which ability? (? or * to list)
A red film seems to cover your vision as you go berserk!
You feel yourself moving faster!
You feel mighty!
You are feeling very hungry.
The orc priest calls upon Beogh to heal the orc warrior.
The orc warrior's wounds heal themselves!
The orc barely misses you.
The orc warrior hits you with a hand axe!
* * * LOW HITPOINT WARNING * * *
You hit the orc but do no damage.
The orc is heavily wounded.
You closely miss the orc warrior. The orc barely misses you.
You slice the orc!!
You kill the orc!
Trog accepts your kill.
You closely miss the orc warrior. The orc warrior misses you.
You slash the orc warrior!
The orc warrior is moderately wounded.
The orc warrior hits you with a hand axe!
You die...

#.... ... #.... ....
###....####.....
.................
.(................
.......))..........
.o(...()(..........
########o)).........
#.o@.........
#...)........#
#............#
#............#
#............#
#....)).....(#
######<####### #.#
#.#


You could see an orc warrior and an orc priest.

Vanquished Creatures
  A spiny frog (Lair:1)
  A fire drake (Lair:2)
  A hydra skeleton (D:8)
  A basilisk (Lair:1)
  A hippogriff (D:8)
  A porcupine (Lair:1)
  2 sky beasts
  2 water moccasins (Lair:1)
  4 centaurs
  2 ice beasts (D:5)
  2 ogres
  2 giant frogs
  4 scorpions
  5 wights (D:7)
  A crimson imp (D:5)
  A hound (D:5)
  A quasit (D:6)
  A jelly (D:5)
  2 giant frog skeletons
  3 orc priests
  6 orc wizards
  7 worker ants
  A killer bee zombie (D:6)
  Ijyb (D:6)
  A worker ant zombie (D:5)
  A mummy (D:8)
  10 adders
  3 shadow imps
  7 worms
  An adder zombie (D:6)
  3 giant geckos
  An ooze (D:1)
  26 orcs
  15 bats
  9 goblins
  12 hobgoblins
  6 jackals
  2 quokkas
  2 ball pythons
  9 giant cockroaches
  6 giant newts
  A hobgoblin skeleton (D:5)
  16 kobolds
  A kobold zombie (D:6)
  2 orc zombies
  15 rats
  A butterfly (D:4)
203 creatures vanquished.

Vanquished Creatures (others)
  An ogre (D:5)
1 creature vanquished.

Grand Total: 204 creatures vanquished

Notes
Turn   | Place    | Note
--------------------------------------------------------------
     0 | D:1      | Kashira, the Vine Stalker Berserker, began the quest for the Orb.
     0 | D:1      | Reached XP level 1. HP: 11/11 MP: 1/1
   119 | D:1      | Reached skill level 3 in Axes
   136 | D:1      | Reached XP level 2. HP: 7/16 MP: 0/3
   272 | D:1      | Acquired Trog's second power
   463 | D:1      | Reached XP level 3. HP: 19/19 MP: 4/4
   745 | D:2      | Reached skill level 4 in Axes
   835 | D:2      | Reached XP level 4. HP: 23/23 MP: 5/5
   853 | D:2      | Found an opulent altar of Gozag.
  1250 | D:2      | Found a bloodstained altar of Trog.
  1400 | D:3      | Reached skill level 5 in Axes
  1400 | D:3      | Reached XP level 5. HP: 14/27 MP: 4/7
  1549 | D:3      | Found a basalt altar of Yredelemnul.
  1620 | D:3      | Found a stormy altar of Qazlal.
  1878 | D:4      | Found a staircase to the Ecumenical Temple.
  2026 | D:4      | Acquired Trog's third power
  2401 | D:4      | Reached skill level 1 in Stealth
  2466 | D:4      | Gained mutation: You heal very quickly. [vine stalker growth]
  2466 | D:4      | Reached XP level 6. HP: 19/32 MP: 8/8
  2601 | D:4      | Noticed an ogre
  2645 | D:4      | Killed an ogre
  2813 | D:5      | Entered Level 5 of the Dungeon
  2857 | D:5      | Reached skill level 6 in Axes
  2894 | D:5      | Reached XP level 7. HP: 35/35 MP: 9/9
  3301 | D:5      | Found a burning altar of Makhleb.
  3325 | D:5      | Found a shimmering altar of Xom.
  3597 | D:6      | Gained mutation: You have razor-sharp teeth. [vine stalker growth]
  3597 | D:6      | Reached XP level 8. HP: 28/40 MP: 11/11
  3645 | D:6      | Noticed Ijyb
  3651 | D:6      | Killed Ijyb
  4033 | D:6      | Found a blossoming altar of Fedhas.
  4696 | D:7      | Reached skill level 7 in Axes
  4696 | D:7      | Reached skill level 1 in Evocations
  4935 | D:7      | Reached skill level 5 in Stealth
  4935 | D:7      | Reached XP level 9. HP: 42/45 MP: 13/15
  5118 | D:7      | Found a shadowy altar of Dithmenos.
  5227 | D:8      | Found a staircase to the Lair.
  5232 | Lair:1   | Entered Level 1 of the Lair of Beasts
  5300 | Lair:2   | Noticed a fire drake
  5307 | Lair:2   | Killed a fire drake
  5345 | Lair:1   | Noticed a spiny frog
  5345 | Lair:1   | Noticed a spiny frog
  5353 | Lair:1   | Noticed a spiny frog
  5358 | Lair:1   | Killed a spiny frog
  5447 | Lair:1   | Reached skill level 5 in Armour
  5564 | D:8      | Reached skill level 5 in Fighting
  5580 | D:8      | Received a gift from Trog
  5688 | D:8      | Found Treaqeec's Antique Weapon Shop.
  5694 | D:8      | Bought a glowing battleaxe for 149 gold pieces
  5888 | D:8      | Reached XP level 10. HP: 51/51 MP: 18/18
  5906 | D:8      | Found an iron altar of Okawaru.
  6224 | D:9      | Slain by an orc warrior

Action                   |  1- 3 |  4- 6 |  7- 9 | 10-12 || total
-------------------------+-------+-------+-------+-------++-------
Melee: Hand axe          |   111 |   221 |   106 |       ||   438
       Bardiche          |       |       |   142 |       ||   142
       Battleaxe         |       |       |     9 |    50 ||    59
Throw: Javelin           |       |       |       |     6 ||     6
Invok: Berserk           |     1 |     1 |     5 |     1 ||     8
       Trog's Hand       |     1 |       |     1 |       ||     2
       Brothers in Arms  |       |       |     1 |       ||     1
 Abil: Evoke Berserk Rag |       |     1 |     1 |       ||     2
  Use: Scroll            |       |     5 |     8 |     1 ||    14
 Stab: Sleeping          |       |       |     4 |       ||     4
  Eat: Chunk             |     1 |     5 |     5 |       ||    11
       Beef jerky        |       |     2 |       |       ||     2
       Meat ration       |       |       |     2 |       ||     2
       Pizza             |       |       |     1 |       ||     1
       Fruit             |       |       |       |     1 ||     1
